 Dungeon Crawl Stone Soup version 0.25.1-2-g60ff931df9 (webtiles) character file.

Game seed: 1933051770728629386

641 DildoBatman the Conjurer (level 7, -6/46 HPs)
             Began as a Formicid Wizard on Aug 13, 2020.
             Splashed by a jelly's acid (10 damage)
             ... in the Ecumenical Temple.
             The game lasted 00:11:49 (4520 turns).

DildoBatman the Conjurer (Formicid Wizard)          Turns: 4520, Time: 00:11:50

Health: -6/46      AC: -5    Str: 11    XL:     7   Next: 81%
Magic:  7/11       EV: 12    Int: 26    God:
Gold:   207        SH:  0    Dex:  9    Spells: 5/12 levels left

rFire    . . .     SeeInvis +   a - +0 hunting sling
rCold    . . .     Gourm    .   (no shield)
rNeg     . . .     Faith    .   u - +0 robe
rPois    .         Spirit   .   (helmet unavailable)
rElec    .         Reflect  .   (no cloak)
rCorr    .         Harm     .   (no gloves)
MR       .....                  c - +0 pair of boots
Stlth    ++........             (no amulet)
HPRegen  0.15/turn              i - +6 ring of intelligence
MPRegen  0.12/turn              (no ring)

@: corroded
A: permanent stasis, dig shafts and tunnels, four strong arms, antennae 3
a: Dig, Shaft Self


You were in the Ecumenical Temple.
You were not hungry.

You visited 2 branches of the dungeon, and saw 6 of its levels.

You collected 207 gold pieces.

Inventory:

Hand Weapons
 a - a +0 hunting sling (weapon)
 b - a +2 whip of electrocution
 d - the +3 dagger of Hairy Action {vorpal, rC+}
   (You found it on level 4 of the Dungeon)

   It inflicts extra damage upon your enemies.
   It protects you from cold.
Missiles
 e - 131 stones (quivered)
 n - 23 bolts
 p - 27 poisoned darts
 t - 18 arrows
 w - a silver boomerang
 y - 29 sling bullets
Armour
 c - a +0 pair of boots (worn)
 u - a +0 robe (worn)
Jewellery
 i - a +6 ring of intelligence (left hand)
Wands
 m - a wand of polymorph (16)
Scrolls
 f - a scroll of immolation {unknown}
 x - 3 scrolls of remove curse
 z - 2 scrolls of identify
 A - 2 scrolls of teleportation {unknown}
 B - a scroll of fear {unknown}
 C - a scroll of magic mapping
 D - a scroll of enchant weapon {unknown}
 E - 2 scrolls of fog {unknown}
Potions
 g - a potion of mutation {unknown}
 h - a potion of lignification {unknown}
 j - a potion of cancellation {unknown}
 k - a potion of brilliance {unknown}
 l - a potion of heal wounds {unknown}
 o - 2 potions of stabbing {unknown}
 q - a potion of ambrosia {unknown}
 r - a potion of curing {unknown}
 s - 2 potions of resistance
 G - a potion of might {unknown}
 H - 2 potions of haste {unknown}
Comestibles
 v - 9 rations


   Skills:
 - Level 1.7 Dodging
 - Level 2.4 Stealth
 - Level 3.2 Spellcasting
 - Level 5.4 Conjurations
   Level 1.0 Summonings
   Level 0.8 Translocations
 * Level 3.3 Fire Magic
 * Level 2.7 Air Magic


You had 5 spell levels left.
You knew the following spells:

 Your Spells              Type           Power        Failure   Level  Hunger
a - Conjure Flame         Conj/Fire      ####....     4%          3    ###....
c - Magic Dart            Conj           ####         1%          1    None
e - Mephitic Cloud        Conj/Pois/Air  ###.....     9%          3    ###....

Your spell library contained the following spells:

 Spells                   Type           Power        Failure   Level  Hunger
 Call Imp                 Summ           #.......     10%         2    #......
 Slow                     Hex            #.......     14%         2    #......
 Blink                    Tloc           Unusable     N/A         2    N/A

Dungeon Overview and Level Annotations

Branches:
Dungeon (5/15)             Temple (1/1) D:5

Altars:
Ashenzari
Cheibriados
Elyvilon
Hepliaklqana
Makhleb
Okawaru
Ru
Uskayaw
Vehumet
Wu Jian
Xom
Yredelemnul
Zin
The Shining One

Shops:
D:4 (}

Annotations:
D:4 2 transporters


Innate Abilities, Weirdness & Mutations

You cannot be hasted, slowed, berserked, paralysed or teleported.
You can dig through walls and to a lower floor.
Your four strong arms can wield two-handed weapons with a shield.
You have a pair of large antennae on your head. (SInv)


Message History

Casting: Magic Dart (safe; 1% risk of failure)
Confirm with . or Enter, or press ? or * to list all spells.
The fire begins to smolder!
The jelly hits you. The acid corrodes you!
You are splashed with acid!
The jelly hits you.
You are splashed with acid!
The fire ignites!
Casting: Conjure Flame (dangerous; 4% risk of failure)
Confirm with . or Enter, or press ? or * to list all spells.
Aiming: Magic Dart (safe; 1% risk of failure)
Press: ? - help, Shift-Dir - straight line, f - jelly
Aim: a jelly (flame)
The magic dart hits the jelly.
The jelly is moderately wounded.
The jelly is engulfed in blazing flames.
The jelly hits you.
You are splashed with acid!
You die...

##..._....._...## ##...........##
##.........## ##...⌠...##
##.....## ##...##
########...########
########........J........########
#...............@...............#
#...._....⌠.....#.....⌠...._....#
##.............###.............##
#.._........### ###........_..#
##....._...## ##..._.....##
##......### ###......## ##....##
##....## ###.## ##.### ### ###


You could see a jelly.

Vanquished Creatures
  2 ogres (D:4)
  A centaur skeleton (D:4)
  A centaur zombie (D:3)
  2 hounds (D:4)
  An orc priest (D:3)
  3 worker ants (D:4)
  3 gnolls (D:3)
  10 adders
  2 oozes
  6 worms
  A dart slug (D:1)
  2 leopard geckos (D:4)
  14 orcs
  5 bats
  9 giant cockroaches
  8 goblins
  8 hobgoblins
  2 jackals (D:2)
  9 kobolds
  A quokka (D:3)
  3 frilled lizards
  A leopard gecko zombie (D:3)
  13 rats
107 creatures vanquished.

Notes
Turn   | Place    | Note
-------+----------+-------------------------------------------
     0 | D:1      | DildoBatman the Formicid Wizard began the quest for the
                  | Orb.
     0 | D:1      | Reached XP level 1. HP: 13/13 MP: 4/4
    35 | D:1      | Reached skill level 1 in Conjurations
   294 | D:1      | Reached XP level 2. HP: 19/19 MP: 0/6
   353 | D:1      | Reached skill level 2 in Conjurations
   555 | D:1      | Reached XP level 3. HP: 24/24 MP: 1/7
   560 | D:1      | Learned a level 3 spell: Conjure Flame
   564 | D:1      | Learned a level 3 spell: Mephitic Cloud
  1228 | D:2      | Reached skill level 3 in Conjurations
  1450 | D:2      | Reached XP level 4. HP: 30/30 MP: 5/8
  1747 | D:2      | Found a shattered altar of Ashenzari.
  2163 | D:2      | Reached skill level 4 in Conjurations
  2163 | D:2      | Reached XP level 5. HP: 35/35 MP: 6/9
  2882 | D:3      | Reached XP level 6. HP: 22/41 MP: 6/10
  2934 | D:3      | Reached skill level 1 in Fire Magic
  2942 | D:3      | Reached skill level 1 in Air Magic
  3039 | D:3      | Found a radiant altar of Vehumet.
  3582 | D:4      | Noticed an ogre
  3621 | D:4      | Killed an ogre
  3621 | D:4      | Reached skill level 5 in Conjurations
  3621 | D:4      | Reached XP level 7. HP: 46/46 MP: 5/11
  3771 | D:4      | Found Notiy's Gadget Emporium.
  3853 | D:4      | Found Nyabaxac's Antique Weapon Boutique.
  3865 | D:4      | Found a transporter.
  4068 | D:4      | Found a hide-covered altar of Uskayaw.
  4077 | D:4      | Got a smoking dagger
  4343 | D:4      | Found a transporter.
  4392 | D:4      | Found a snail-covered altar of Cheibriados.
  4405 | D:4      | Identified the +3 dagger of Hairy Action {vorpal, rC+} (You
                  | found it on level 4 of the Dungeon)
  4409 | D:5      | Entered Level 5 of the Dungeon
  4409 | D:5      | Found a shimmering altar of Xom.
  4421 | D:5      | Found a staircase to the Ecumenical Temple.
  4429 | Temple   | Entered the Ecumenical Temple
  4520 | Temple   | Splashed by a jelly's acid

Illustrated notes

Levels and vault maps discovered:
D:1:      heliophobic_arrival_glass_houses, layout_basic
D:2:      layout_basic, lemuel_round_altar, serial_co_window_serial,
          co_window_of_opportunity_a, co_window_paths_a, co_window_corner_a,
          co_window_of_opportunity_a, co_window_corner_a,
          co_window_of_opportunity_a, co_window_corner_a,
          co_window_of_opportunity_c, co_window_paths_c, co_window_corner_b,
          co_window_paths_c, co_window_4corner_b, co_window_4corner_a,
          glass_columns_b, glass_columns_a, glass_columns_b,
          minmay_misc_feat_encased, minmay_tiny_reverse_x
D:3:      minmay_evil_eye, layout_loops_ring, vehumet_crystals, first_ration
D:4:      gammafunk_cloud_chamber, layout_loops_ring,
          eat_drink_and_be_merry_uskayaw, kennysheep_mini, serial_shops, shop,
          shop, grunt_ministairs_15
D:5:      layout_rooms, lemuel_crystal_altar, lemuel_crystal_altar,
          minmay_temple_entry_mist, serial_glass, glass_columns_c,
          glass_columns_c, glass_columns_c, glass_columns_c, glass_columns_b
Temple:   dpeg_three_leaves_temple

Skill      XL: |  1  2  3  4  5  6  7 |
---------------+----------------------+-----
Conjurations   | 1 2 3 4 5 |  5.4
Fire Magic     | 2 3 |  3.3
Air Magic      | 1 2 |  2.7
Dodging        | |  1.7
Stealth        | |  2.4
Spellcasting   | |  3.2
Summonings     | |  1.0
Translocations | |  0.8

Action                   |  1- 3 |  4- 6 |  7- 9 || total
-------------------------+-------+-------+-------++-------
Melee: Club              |    21 |       |       ||    21
       Short sword       |     4 |     5 |       ||     9
       Mace              |       |     6 |       ||     6
       Whip              |       |    25 |    20 ||    45
 Fire: Hunting sling     |       |    97 |    30 ||   127
Throw: Stone             |     3 |       |       ||     3
 Cast: Magic Dart        |    69 |    90 |    11 ||   170
       Mephitic Cloud    |       |     4 |     4 ||     8
       Conjure Flame     |       |     3 |     3 ||     6
 Abil: Dig               |     2 |       |       ||     2
  Use: Scroll            |       |     1 |     2 ||     3
 Stab: Sleeping          |     1 |       |       ||     1
       Confused          |       |     1 |     2 ||     3
  Eat: Chunk             |     2 |     7 |     3 ||    12
Armor: Robe              |     8 |    15 |     2 ||    25
Dodge: Dodged            |    21 |    37 |    11 ||    69
